Map: [ESL] NeoHumanity

Players

Reynor

  • Race: Zerg Zerg
  • Spawn Location: 11:00

Spirit - Winner!

  • Race: Terran Terran
  • Spawn Location: 5:00

Event: ESL SC2 Masters 2023 Summer (Regionals)

VOD

Have the link to the VOD?

Description

Time

  • Played on: May 20, 2023, 11:15 a.m.
  • Length: 74:39

All games in this series

Show
View Real Time Build Order
Export as new Build Order

Reynor Zerg 

Build Orders: Hatch First, Lurkers 

Get SALT Encoding   

  12  0:00  Drone  
  13  0:12  Overlord  
  13  0:17  Drone  
  14  0:30  Drone x2  
  16  0:48  Hatchery  
  15  0:51  Drone  
  15  0:55  Drone  
  17  0:57  Drone  
  18  1:09  Extractor  
  17  1:13  Spawning Pool  
  17  1:16  Drone  
  17  1:20  Drone  
  18  1:27  Drone  
  19  1:38  Drone  
  20  1:48  Overlord  
  20  2:00  Queen x2  
  25  2:01  Zergling x4  
  26  2:10  Drone  
  26  2:12  Drone  
  28  2:21  Drone  
  28  2:22  Drone  
  30  2:28  Metabolic Boost  
  30  2:31  Drone  
  30  2:32  Drone  
  32  2:42  Overlord  
  32  2:43  Drone  
  33  2:44  Queen  
  35  2:53  Drone  
  36  3:00  Drone  
  36  3:01  Hatchery  
  36  3:03  Queen  
  36  3:05  Drone  
  39  3:08  Drone  
  39  3:10  Drone  
  41  3:13  Overlord  
  41  3:15  Drone  
  41  3:17  Drone  
  41  3:18  Drone  
  44  3:26  Overlord  
  44  3:31  Queen  
  44  3:32  Drone  
  47  3:38  Drone  
  47  3:39  Overlord  
  48  3:42  Queen  
  48  3:48  Drone  
  51  3:50  Drone x3  
  51  3:51  Drone  
  51  3:53  Drone x2  
  51  3:54  Drone  
  58  4:00  Drone  
  59  4:04  Zergling x2  
  59  4:09  Lair  
  60  4:10  Drone  
  60  4:14  Queen  
  60  4:15  Drone x2  
  65  4:19  Overlord  
  65  4:20  Drone x2  
  65  4:23  Zergling x4  
  65  4:24  Zergling x2  
  70  4:25  Drone x2  
  70  4:27  Drone  
  70  4:30  Extractor  
  71  4:33  Queen  
  71  4:35  Overlord  
  73  4:38  Drone x2  
  73  4:40  Spore Crawler  
  73  4:45  Drone x3  
  75  4:47  Overlord, Spore Crawler  
  75  4:48  Zergling x4  
  75  4:52  Drone x2  
  80  4:53  Drone  
  80  4:55  Drone  
  80  4:59  Drone x2, Spore Crawler  
  83  5:01  Drone x2  
  83  5:03  Drone, Baneling Nest  
  85  5:07  Drone  
  85  5:10  Spire, Overseer  
  85  5:12  Drone x2  
  87  5:16  Extractor  
  87  5:17  Extractor  
  87  5:18  Drone  
  87  5:19  Drone, Overlord  
  87  5:20  Drone x2  
  89  5:22  Overseer  
  89  5:25  Extractor  
  89  5:26  Zergling x6  
  89  5:27  Extractor, Zergling x2  
  91  5:29  Drone  
  91  5:34  Overlord  
  91  5:36  Drone  
  91  5:40  Drone  
  91  5:41  Hatchery  
  92  5:43  Drone x2  
  92  5:44  Overlord  
  92  5:46  Drone  
  95  5:54  Zergling x6  
  95  5:56  Overlord  
  98  6:02  Spore Crawler  
  96  6:11  Drone x2  
  96  6:15  Centrifugal Hooks  
  98  6:19  Drone  
  98  6:20  Drone x2, Overlord  
  98  6:21  Zergling x12  
  98  6:22  Overlord  
  107  6:28  Mutalisk x2  
  107  6:29  Mutalisk  
  107  6:32  Mutalisk  
  115  6:34  Mutalisk  
  115  6:37  Spore Crawler  
  116  6:42  Mutalisk  
  116  6:46  Zergling x8  
  122  6:48  Zergling x4  
  122  6:50  Mutalisk  
  125  6:57  Zergling x6  
  125  6:58  Zergling x6  
  125  6:59  Hatchery, Baneling x5  
  125  7:00  Baneling x2  
  128  7:05  Drone x4  
  128  7:08  Drone  
  132  7:10  Drone, Evolution Chamber x2  
  132  7:12  Drone  
  132  7:13  Drone x2  
  132  7:14  Drone, Zerg Flyer Weapons Level 1  
  135  7:16  Drone  
  135  7:19  Drone  
  137  7:23  Overlord  
  137  7:24  Drone  
  137  7:25  Drone  
  137  7:26  Drone x3  
  142  7:33  Mutalisk x2  
  146  7:38  Overlord  
  146  7:41  Drone x3  
  146  7:42  Hatchery, Mutalisk x4  
  146  7:43  Zergling x2  
  157  7:48  Mutalisk  
  157  7:50  Overlord  
  159  7:55  Overlord  
  159  7:58  Zerg Ground Armor Level 1  
  159  7:59  Drone x4  
  159  8:00  Drone  
  159  8:01  Queen  
  159  8:02  Extractor  
  159  8:03  Spore Crawler  
  159  8:04  Extractor  
  163  8:07  Zerg Melee Weapons Level 1  
  163  8:11  Burrow  
  163  8:14  Zergling x14  
  163  8:17  Zergling x6  
  173  8:22  Drone x2  
  173  8:23  Drone x4  
  173  8:25  Overlord  
  173  8:26  Infestation Pit  
  179  8:27  Zergling x4  
  179  8:39  Overlord  
  179  8:41  Mutalisk x4  
  177  8:43  Zergling x10  
  177  8:45  Overlord  
  190  8:50  Unknown  
  189  8:59  Zergling x22, Hydralisk Den  
  199  9:03  Pneumatized Carapace  
  199  9:09  Spore Crawler x2  
  197  9:10  Spore Crawler  
  197  9:11  Spore Crawler  
  197  9:14  Zerg Flyer Weapons Level 2  
  199  9:27  Hive  
  199  9:31  Baneling x19  
  199  9:53  Zerg Ground Armor Level 2  
  199  9:55  Lurker Den  
  199  9:57  Evolution Chamber  
  197  10:01  Drone x3  
  200  10:10  Hatchery  
  200  10:13  Zergling x2  
  200  10:25  Hatchery  
  199  10:32  Drone  
  200  10:43  Zerg Missile Weapons Level 1, Zerg Melee Weapons Level 2  
  191  10:58  Baneling x4, Seismic Spines  
  191  11:01  Spire, Hydralisk x4  
  191  11:02  Hydralisk  
  200  11:08  Spore Crawler  
  200  11:09  Spine Crawler x2  
  200  11:10  Spine Crawler  
  196  11:15  Adrenal Glands  
  196  11:24  Drone x2  
  196  11:25  Hatchery  
  197  11:26  Spine Crawler x3  
  197  11:31  Lurker x5  
  193  11:39  Mutalisk x6  
  200  11:57  Hatchery  
  199  12:02  Zerg Flyer Weapons Level 3  
  199  12:14  Extractor  
  198  12:16  Extractor  
  159  12:37  Hydralisk x2  
  159  12:39  Mutalisk x2  
  159  12:40  Mutalisk x16  
  159  12:43  Zerg Flyer Armor Level 1  
  199  13:08  Lurker  
  199  13:10  Zerg Missile Weapons Level 2, Adaptive Talons  
  199  13:11  Zerg Ground Armor Level 3  
  199  13:12  Zerg Melee Weapons Level 3  
  200  13:25  Hatchery  
  200  13:26  Lurker  
  200  13:27  Spore Crawler  
  200  13:28  Spine Crawler x2  
  200  13:31  Spore Crawler  
  200  13:32  Spine Crawler  
  195  13:38  Mutalisk  
  195  13:39  Mutalisk x4  
  190  14:21  Mutalisk x5  
  198  14:29  Spore Crawler, Spine Crawler  
  196  14:48  Extractor x2  
  196  14:49  Mutalisk x3  
  196  14:50  Mutalisk x3  
  196  14:51  Hydralisk x4  
  196  14:52  Zergling x4  
  197  15:07  Zergling x4  
  199  15:29  Zergling x2  
  200  15:36  Spore Crawler, Spine Crawler  
  198  15:45  Hatchery  
  196  15:58  Zergling x16  
  196  16:00  Overlord  
  200  16:09  Mutalisk  
  200  16:10  Mutalisk x11  
  196  16:13  Mutalisk x2  
  196  16:14  Zerg Flyer Armor Level 2  
  196  16:22  Lurker x4  
  200  16:26  Overseer x2  
  200  16:27  Overseer x3  
  200  16:37  Spore Crawler x2  
  200  16:38  Spore Crawler  
  200  16:39  Spore Crawler  
  181  17:11  Mutalisk x9  
  199  17:21  Overseer  
  199  17:22  Overseer  
  199  17:35  Overseer x3  
  199  17:39  Extractor  
  199  17:40  Extractor  
  197  17:48  Zergling x4  
  193  18:08  Zergling x16  
  187  18:32  Viper x3  
  194  18:40  Zerg Flyer Armor Level 3  
  186  18:42  Zergling x28  
  200  18:53  Spore Crawler  
  200  18:54  Spine Crawler  
  168  19:12  Greater Spire  
  168  19:16  Hydralisk x6  
  180  19:21  Spore Crawler  
  180  19:22  Spore Crawler x2  
  177  19:28  Hydralisk  
  177  19:29  Hatchery  
  180  19:34  Hydralisk x3  
  180  19:37  Overseer x2  
  182  19:48  Lurker x2  
  182  19:49  Lurker x4  
  182  20:00  Zergling x28  
  182  20:01  Zergling x8  
  198  20:25  Extractor  
  198  20:26  Extractor  
  193  20:36  Overlord x3  
  186  21:00  Zergling x32  
  200  21:10  Zergling x6  
  200  21:20  Overseer  
  198  21:37  Overseer x7  
  197  21:44  Hydralisk x3  
  197  21:45  Zergling x26  
  192  21:56  Queen  
  189  22:02  Baneling x11  
  189  22:10  Zergling x8  
  189  22:11  Zergling x14  
  187  22:25  Zergling x18  
  187  22:26  Zergling x12  
  172  23:28  Infestor x2  
  172  23:29  Infestor  
  178  23:35  Zergling x32  
  194  23:42  Baneling x19  
  194  23:44  Lurker x3  
  194  23:47  Zergling x6  
  199  23:59  Zergling x16  
  177  24:17  Zergling x14  
  177  24:18  Zergling x40  
  183  24:33  Zergling x24  
  183  24:36  Queen  
  194  24:39  Hydralisk  
  184  25:18  Corruptor x11  
  194  26:03  Hatchery  
  192  26:13  Brood Lord x4  
  193  26:21  Brood Lord x2  
  195  26:30  Spore Crawler x2, Spine Crawler  
  192  26:33  Brood Lord  
  192  26:37  Spore Crawler x2  
  192  26:38  Spore Crawler  
  192  26:39  Spine Crawler  
  190  26:42  Spore Crawler  
  187  26:51  Brood Lord x2  
  187  26:52  Overlord x2  
  187  26:54  Overlord x2  
  187  27:00  Overlord  
  177  27:09  Viper x3  
  177  27:12  Corruptor  
  177  27:13  Corruptor x4  
  194  27:20  Brood Lord x2  
  196  27:35  Corruptor  
  196  27:37  Hatchery  
  197  27:45  Brood Lord  
  199  27:51  Overlord  
  199  27:57  Overlord  
  169  28:13  Zergling x2  
  169  28:14  Zergling x42  
  139  28:28  Corruptor  
  139  28:29  Corruptor x9  
  139  28:30  Overlord x2  
  154  28:35  Brood Lord x5  
  160  28:42  Corruptor  
  160  28:43  Corruptor x2  
  160  28:46  Infestor x2  
  163  28:50  Infestor x2  
  160  29:04  Brood Lord x10  
  160  29:07  Corruptor x3  
  186  29:18  Drone x2  
  186  29:19  Drone  
  186  29:20  Brood Lord x3  
  193  29:38  Zergling x2  
  193  29:39  Zergling x12  
  200  29:51  Overseer x4  
  198  30:10  Spore Crawler  
  192  30:21  Brood Lord x3  
  178  30:53  Zergling x34  
  166  31:20  Zergling x24  
  166  31:21  Corruptor  
  166  31:22  Corruptor  
  178  31:40  Overseer x3  
  178  31:44  Overseer x3  
  178  32:05  Overseer x3  
  178  32:12  Drone  
  178  32:13  Hydralisk, Drone x2  
  178  32:14  Hydralisk x2  
  185  32:25  Hatchery, Overlord  
  152  32:54  Infestor x3, Lurker x2  
  152  32:55  Infestor x5  
  164  33:00  Overseer x3  
  164  33:02  Brood Lord  
  164  33:04  Brood Lord  
  168  33:21  Corruptor x2  
  172  33:38  Corruptor  
  174  33:45  Overseer x3  
  174  33:54  Brood Lord x2  
  178  33:57  Overseer x3  
  178  34:06  Overseer x3  
  178  34:14  Overseer x3  
  178  34:34  Overseer x3  
  178  34:35  Corruptor x2  
  178  34:37  Lurker  
  183  34:56  Overseer x3  
  183  35:05  Overseer x3  
  177  35:12  Hydralisk x4  
  179  35:24  Brood Lord x2  
  183  35:33  Overseer x3  
  183  35:44  Overseer, Brood Lord  
  182  36:01  Lurker  
  182  36:02  Lurker  
  184  36:15  Overlord  
  184  36:18  Overseer x3  
  184  36:22  Overseer x3  
  166  37:04  Zergling x22  
  166  37:05  Zergling x6  
  174  37:10  Overseer  
  171  37:17  Overlord  
  171  37:18  Overlord  
  171  37:23  Overlord  
  171  37:38  Hatchery  
  171  37:39  Corruptor x4  
  178  38:01  Corruptor  
  178  38:02  Corruptor  
  176  38:08  Zergling x26  
  188  38:16  Brood Lord  
  188  38:17  Overlord  
  177  39:01  Brood Lord  
  179  39:13  Brood Lord x2  
  183  39:31  Brood Lord  
  184  39:36  Spore Crawler  
  184  39:37  Spore Crawler  
  182  39:38  Spore Crawler  
  181  40:02  Overseer  
  181  40:06  Overseer  
  181  40:20  Corruptor  
  183  40:33  Zergling x26  
  196  40:36  Overlord  
  196  41:16  Corruptor  
  195  41:34  Overseer  
  190  41:53  Corruptor  
  192  41:59  Overseer x2  
  192  42:00  Zergling x4  
  192  42:01  Zergling x12  
  189  42:39  Zergling x22  
  195  43:36  Infestor  
  197  43:44  Zergling x6  
  195  44:12  Queen  
  195  44:13  Queen, Infestor  
  199  44:36  Hatchery  
  194  44:48  Hatchery  
  194  44:52  Queen x3  
  199  45:00  Overseer x3  
  198  45:50  Overseer x2  
  197  46:38  Extractor  
  196  46:41  Extractor  
  191  46:49  Queen x2  
  195  47:03  Zergling x10  
  199  47:16  Spore Crawler  
  199  47:17  Spine Crawler, Infestor, Spore Crawler  
  196  47:40  Queen  
  196  47:44  Neural Parasite  
  173  48:13  Baneling x9  
  173  48:16  Queen x2  
  174  48:48  Corruptor x2  
  178  49:16  Infestor  
  175  50:18  Queen x2  
  175  50:19  Overlord  
  179  50:21  Overseer  
  172  50:39  Queen x2  
  172  50:41  Overseer  
  174  51:17  Queen  
  176  51:38  Overseer  
  168  51:46  Zergling x4  
  168  51:47  Zergling x32  
  162  53:51  Overseer  
  162  54:12  Overseer  
  162  54:39  Spore Crawler  
  155  55:48  Spore Crawler  
  154  55:57  Infestor x4  
  153  57:35  Queen x2  
  153  57:36  Overseer  
  157  57:55  Infestor x4  
  157  58:44  Queen  
  159  60:22  Queen x2  
  159  60:25  Queen  
  163  61:56  Queen  
  163  61:58  Spore Crawler  
  164  62:09  Infestor x4  
  164  62:35  Queen  
  166  62:42  Infestor x4  
  166  63:31  Infestor  
  162  64:10  Infestor x4  
  160  64:41  Infestor  
  160  64:42  Infestor x3  
  155  65:18  Queen x16  
  155  65:30  Hydralisk x2  
  155  65:40  Infestor x2  
  155  65:41  Infestor x2  
  153  67:19  Infestor  
  149  69:26  Infestor x4  
  147  70:07  Infestor x3  
  147  70:08  Infestor  
  136  70:22  Overseer  
  124  71:20  Overseer  
  124  71:23  Infestor x3  
  124  71:24  Infestor  
  124  71:35  Infestor  
  124  71:53  Infestor x3  
  122  72:24  Infestor x4  
  122  72:29  Overseer  
  122  72:38  Overseer  
  120  73:21  Overseer  
  116  73:42  Infestor x2  
Show
View Real Time Build Order
Export as new Build Order

Spirit Terran - Winner!

Build Orders: Reaper Expand, Hellion Banshee 

Get SALT Encoding   

  12  0:00  SCV  
  13  0:12  SCV  
  14  0:17  Supply Depot  
  14  0:24  SCV  
  15  0:38  SCV  
  15  0:40  Barracks  
  16  0:44  Refinery  
  16  0:50  SCV  
  17  1:02  SCV  
  18  1:15  SCV  
  19  1:28  Orbital Command, Reaper  
  20  1:39  Command Center  
  20  1:48  Supply Depot  
  20  1:54  SCV  
  21  2:00  Marine  
  22  2:06  SCV  
  23  2:11  Factory  
  23  2:18  SCV  
  23  2:22  Barracks Reactor  
  24  2:30  SCV  
  25  2:42  SCV  
  26  2:45  Command Center  
  26  2:52  Orbital Command  
  26  2:54  SCV  
  27  3:04  Starport  
  27  3:06  SCV  
  27  3:12  Refinery  
  28  3:16  Hellion  
  28  3:18  SCV  
  28  3:19  SCV  
  32  3:23  Hellion  
  32  3:24  Barracks Tech Lab  
  34  3:30  SCV  
  34  3:31  SCV  
  36  3:37  Hellion  
  38  3:43  SCV  
  38  3:44  Hellion, SCV  
  38  3:47  Banshee  
  45  3:55  SCV  
  46  3:56  SCV  
  46  3:59  Hellion  
  46  4:01  Orbital Command  
  49  4:04  Cloaking Field  
  49  4:06  Hellion, Barracks Tech Lab  
  49  4:07  SCV  
  49  4:09  SCV  
  53  4:19  SCV  
  53  4:21  SCV  
  55  4:27  SCV, Supply Depot  
  55  4:30  Banshee  
  60  4:31  SCV  
  60  4:33  Barracks, SCV  
  61  4:39  Orbital Command  
  61  4:40  Barracks  
  61  4:41  Stimpack  
  61  4:47  Refinery  
  61  4:48  Marine, Refinery, SCV x2  
  61  4:50  Factory Reactor, Supply Depot  
  64  4:54  Supply Depot  
  64  5:00  SCV  
  64  5:03  Command Center  
  64  5:04  SCV x2  
  64  5:06  Marine  
  68  5:15  Engineering Bay  
  68  5:16  SCV x3, Engineering Bay  
  71  5:23  Supply Depot  
  71  5:28  SCV x3  
  74  5:31  Marine  
  74  5:34  Bunker, Starport Reactor  
  75  5:35  Supply Depot  
  75  5:40  Marine x4, SCV x3  
  81  5:43  Terran Infantry Weapons Level 1  
  81  5:47  Terran Infantry Armor Level 1  
  81  5:51  Marine  
  81  5:52  SCV, Supply Depot  
  81  5:53  SCV  
  81  5:54  SCV  
  85  5:58  Marine x2  
  85  6:01  Siege Tank  
  90  6:04  SCV  
  90  6:05  Marine, SCV  
  90  6:06  SCV  
  90  6:07  Supply Depot  
  90  6:11  Marine x2  
  94  6:14  Medivac  
  94  6:15  Marine  
  94  6:16  SCV, Medivac  
  94  6:17  SCV  
  103  6:19  SCV  
  103  6:20  Marine, Combat Shield  
  103  6:23  Marine  
  106  6:28  SCV  
  106  6:29  Marine x2  
  106  6:30  Barracks  
  106  6:31  Barracks, SCV  
  110  6:33  Marine  
  110  6:34  Refinery x2  
  110  6:38  Marine  
  112  6:40  Marine  
  112  6:41  Armory  
  112  6:43  Siege Tank  
  112  6:46  Marine  
  112  6:47  Marine  
  116  6:50  SCV  
  116  6:51  Marine, SCV  
  116  6:52  SCV  
  122  6:56  Marine  
  122  6:58  Marine, Planetary Fortress, Supply Depot x2  
  122  7:02  SCV  
  122  7:04  Marine  
  122  7:05  Marine  
  125  7:09  Marine  
  125  7:10  Medivac x2  
  125  7:14  Marine  
  131  7:16  SCV  
  131  7:19  SCV  
  131  7:20  Supply Depot  
  131  7:21  Barracks Reactor, Barracks Tech Lab  
  136  7:22  Supply Depot  
  136  7:23  SCV  
  136  7:28  SCV  
  138  7:30  Marine x4, Missile Turret  
  138  7:34  Missile Turret  
  138  7:35  Missile Turret  
  142  7:37  Marine  
  142  7:40  Marine, Missile Turret  
  142  7:42  SCV  
  140  7:44  SCV x2  
  140  7:47  SCV  
  140  7:48  Marine x4  
  140  7:49  Thor  
  149  7:54  SCV  
  149  7:55  Marine  
  149  7:56  SCV  
  149  7:57  SCV  
  149  7:58  Marine, Missile Turret  
  153  8:01  Terran Infantry Weapons Level 2, Terran Infantry Armor Level 2  
  153  8:02  SCV  
  152  8:08  SCV  
  152  8:10  Factory  
  152  8:11  Missile Turret  
  153  8:14  SCV, Sensor Tower  
  153  8:16  SCV  
  153  8:18  SCV  
  156  8:20  SCV, Terran Vehicle And Ship Armor Level 1  
  157  8:30  Command Center  
  157  8:32  Supply Depot  
  157  8:33  Siege Tank, Supply Depot  
  160  8:35  Supply Depot  
  160  8:38  SCV  
  157  8:42  Missile Turret  
  157  8:43  Missile Turret  
  157  8:47  Medivac x2  
  161  8:49  Marine  
  161  8:50  Marauder  
  161  8:54  Marine x4, Factory Tech Lab, Marauder  
  170  8:59  Barracks  
  170  9:00  Barracks  
  170  9:02  Barracks  
  170  9:04  Missile Turret x2  
  170  9:05  Siege Tank  
  170  9:06  Ghost Academy  
  173  9:13  Marauder, Siege Tank  
  173  9:15  Marine  
  173  9:16  Marauder  
  178  9:17  Refinery  
  178  9:18  Refinery  
  178  9:22  Missile Turret  
  178  9:23  Marine  
  179  9:34  Missile Turret  
  179  9:35  Marauder  
  179  9:37  Marauder, Siege Tank  
  186  9:43  Command Center  
  186  9:44  Command Center  
  186  9:45  Marine, Siege Tank  
  189  9:48  Concussive Shells, Barracks Tech Lab x2  
  189  9:49  Barracks Tech Lab  
  189  9:50  Personal Cloaking  
  190  9:56  Marauder  
  192  10:01  Planetary Fortress  
  192  10:02  Ghost  
  194  10:08  Marine, Marauder x2  
  194  10:10  Missile Turret  
  194  10:11  Sensor Tower  
  194  10:14  Missile Turret  
  199  10:20  Terran Infantry Weapons Level 3, Terran Infantry Armor Level 3  
  197  10:28  Siege Tank  
  197  10:33  Command Center  
  197  10:34  Command Center  
  200  10:53  Siege Tank, Ghost  
  200  10:54  Ghost x2  
  195  11:04  Orbital Command x2  
  195  11:08  Command Center  
  195  11:09  Command Center  
  195  11:10  Missile Turret  
  195  11:13  Missile Turret  
  195  11:15  Siege Tank, Ghost  
  200  11:21  Nuke  
  200  11:23  Terran Vehicle And Ship Armor Level 2  
  200  11:25  Armory  
  200  11:31  Unknown, Ghost  
  194  11:35  Ghost  
  194  11:38  Ghost  
  188  11:40  Ghost  
  190  11:49  Command Center  
  190  12:05  Starport  
  190  12:06  Fusion Core  
  190  12:13  Orbital Command x2  
  190  12:22  Ghost  
  177  12:32  Ghost  
  177  12:34  Ghost  
  177  12:35  Ghost  
  174  12:41  Command Center  
  174  12:44  Orbital Command  
  174  12:47  Ghost  
  174  12:50  Liberator x2  
  185  12:52  Starport Reactor  
  185  12:53  Advanced Ballistics  
  185  12:57  Neosteel Armor, Hi-Sec Auto Tracking  
  182  13:01  Refinery  
  182  13:04  Sensor Tower, Ghost  
  182  13:08  Orbital Command  
  182  13:12  Ghost x2  
  186  13:13  Command Center  
  186  13:23  Missile Turret  
  186  13:24  Command Center  
  186  13:32  Liberator  
  189  13:37  Ghost x3  
  189  13:40  Ghost x2  
  199  13:43  Missile Turret  
  199  13:45  Missile Turret  
  199  13:46  Missile Turret  
  199  13:59  Nuke  
  199  14:00  Terran Vehicle And Ship Armor Level 3  
  199  14:01  Terran Vehicle Weapons Level 1  
  198  14:10  Ghost  
  187  14:17  Liberator  
  187  14:23  Liberator  
  191  14:29  Ghost x2  
  195  14:35  Sensor Tower  
  195  14:37  Liberator  
  198  14:51  Liberator  
  195  15:05  Siege Tank x2  
  198  15:11  Nuke  
  198  15:33  Sensor Tower  
  197  15:45  Command Center  
  197  15:51  Ghost  
  197  15:52  Liberator  
  197  16:01  Liberator  
  196  16:09  Ghost  
  196  16:10  Ghost  
  184  16:12  Liberator x2  
  184  16:18  Missile Turret  
  190  16:19  Sensor Tower  
  190  16:23  Siege Tank, Ghost x2  
  196  16:35  Liberator, Planetary Fortress  
  196  16:38  Refinery  
  196  16:39  Refinery  
  199  16:42  Missile Turret  
  199  16:45  Missile Turret  
  199  16:47  Nuke  
  199  16:54  Missile Turret  
  199  16:55  Missile Turret  
  183  17:08  Liberator  
  183  17:09  Liberator x2  
  183  17:12  Missile Turret  
  192  17:18  Liberator  
  192  17:19  Ghost  
  192  17:20  Ghost x4  
  199  17:23  Orbital Command  
  199  17:30  Command Center  
  199  17:33  Missile Turret  
  199  17:39  Terran Vehicle Weapons Level 2  
  199  17:40  Terran Ship Weapons Level 1  
  198  17:56  Siege Tank x2  
  198  17:58  Liberator  
  199  18:01  Ghost x4  
  197  18:07  Missile Turret x2  
  197  18:09  Sensor Tower, Ghost  
  194  18:39  Ghost  
  196  18:46  Orbital Command  
  196  18:52  Missile Turret  
  196  18:53  Missile Turret  
  196  18:56  Missile Turret  
  196  18:58  Missile Turret  
  195  19:02  Missile Turret  
  188  19:10  Liberator  
  188  19:11  Liberator  
  188  19:14  Ghost x2  
  198  19:29  Missile Turret x4  
  198  19:30  Missile Turret x3  
  198  19:31  Missile Turret  
  196  19:48  Missile Turret  
  196  19:50  Missile Turret x2  
  191  20:01  Missile Turret  
  191  20:03  Terran Ship Weapons Level 2, Terran Vehicle Weapons Level 3  
  191  20:04  Missile Turret, Nuke  
  191  20:14  Ghost  
  187  20:17  Missile Turret  
  187  20:18  Missile Turret  
  187  20:32  Missile Turret  
  187  20:34  Missile Turret  
  185  20:39  Marine  
  185  20:40  Marauder  
  185  20:42  Marine  
  189  20:53  Siege Tank x2  
  183  21:15  Missile Turret  
  183  21:17  Missile Turret  
  183  21:25  Siege Tank  
  177  21:52  Marine  
  177  21:53  Marauder, Marine  
  172  22:07  Marine  
  172  22:08  Marauder  
  174  22:22  Siege Tank  
  174  22:27  Siege Tank  
  174  22:32  SCV x7  
  174  22:36  Marine x2, Marauder x4  
  186  22:39  Missile Turret  
  186  22:40  Missile Turret  
  186  22:41  Missile Turret  
  186  22:42  Missile Turret  
  186  22:43  Command Center  
  186  22:59  Command Center  
  186  23:06  Missile Turret  
  186  23:08  Sensor Tower  
  186  23:10  Missile Turret  
  186  23:12  Missile Turret  
  180  23:25  Siege Tank  
  177  23:28  Orbital Command, Marine, Marauder  
  180  23:48  Missile Turret  
  180  23:51  Sensor Tower  
  180  23:52  SCV x3, Command Center  
  180  23:53  SCV x3  
  186  24:11  Command Center  
  179  24:19  Marine x11  
  166  24:37  Marine x6, Marauder x5  
  182  24:47  Orbital Command, Refinery x2  
  182  24:52  Thor x2  
  191  24:54  Marine x5  
  191  24:55  Marine  
  191  24:58  Marine, Factory  
  191  24:59  Marauder  
  200  25:00  Missile Turret  
  200  25:03  Command Center  
  200  25:20  Missile Turret  
  200  25:25  Missile Turret, Sensor Tower  
  200  25:36  Missile Turret  
  200  25:39  Smart Servos  
  197  26:05  Planetary Fortress  
  184  26:14  Thor x2  
  192  26:22  Ghost  
  193  26:29  Missile Turret  
  193  26:33  SCV  
  193  26:34  SCV, Missile Turret  
  193  26:35  SCV  
  193  26:36  Missile Turret  
  193  26:38  Missile Turret  
  193  26:57  Siege Tank x2  
  192  27:08  SCV x3  
  195  27:11  SCV  
  195  27:16  SCV  
  195  27:21  SCV  
  197  27:26  SCV x3, Planetary Fortress  
  200  27:30  Refinery  
  200  27:32  Refinery, Terran Ship Weapons Level 3  
  190  28:07  Siege Tank  
  190  28:09  Marine  
  190  28:10  Marine  
  178  28:14  Marine, Marauder x5  
  183  28:22  Marine x3  
  183  28:23  Siege Tank  
  183  28:26  Medivac x4  
  197  28:27  Marine  
  197  28:28  Marine  
  197  28:31  Orbital Command  
  197  28:32  Marine  
  200  28:45  Orbital Command  
  200  28:46  Orbital Command  
  200  28:58  Orbital Command  
  200  29:13  Command Center  
  200  29:15  Command Center  
  200  29:26  Nuke  
  200  29:51  Refinery  
  200  29:52  Sensor Tower, Refinery  
  200  29:56  Missile Turret  
  199  30:14  Nuke  
  199  30:27  SCV  
  173  30:44  Thor  
  173  30:45  Liberator x2, Ghost x4  
  193  30:54  Marine x2  
  193  30:55  Marine  
  198  31:03  Barracks  
  186  31:04  Barracks  
  186  31:07  Barracks  
  180  31:13  Ghost  
  180  31:14  Marauder, Ghost x2  
  164  31:19  Orbital Command  
  162  31:31  Orbital Command, SCV  
  162  31:32  SCV x6  
  169  31:33  Barracks Tech Lab  
  169  31:35  Ghost  
  169  31:39  Liberator, SCV  
  169  31:40  Liberator x2  
  169  31:42  Ghost  
  169  31:43  Ghost x2  
  169  31:44  SCV  
  174  31:48  SCV  
  174  31:49  SCV x4  
  174  31:50  SCV  
  174  31:51  SCV  
  180  31:56  SCV  
  180  31:57  SCV  
  180  32:00  SCV  
  184  32:01  SCV  
  184  32:02  Barracks Tech Lab x2  
  184  32:03  Ghost  
  184  32:07  Barracks Tech Lab  
  183  32:10  Ghost  
  183  32:11  Medivac, Ghost  
  177  32:36  Ghost  
  177  32:37  Ghost x2  
  181  32:46  Ghost  
  183  32:53  Viking x3  
  183  32:54  SCV x5  
  190  33:02  Marine x2  
  190  33:03  Marine  
  193  33:05  Marine x3  
  195  33:14  Engineering Bay  
  195  33:16  Engineering Bay  
  190  33:35  Liberator x2  
  196  33:47  Planetary Fortress  
  196  33:48  Missile Turret  
  196  33:49  Missile Turret, Sensor Tower  
  196  33:51  Missile Turret  
  196  33:53  Missile Turret  
  196  33:58  Planetary Fortress  
  196  34:00  SCV x2  
  194  34:33  Refinery x2  
  193  34:46  Factory  
  193  34:47  Factory  
  193  35:13  Planetary Fortress  
  193  36:18  Factory Tech Lab  
  193  36:19  Factory Tech Lab  
  192  36:31  Missile Turret  
  179  36:56  Thor  
  179  37:00  Marine, Marauder  
  133  37:02  Marine, Ghost x4  
  133  37:06  Thor  
  133  37:17  Ghost  
  133  37:18  Viking x4  
  133  37:19  Ghost  
  133  37:21  Ghost  
  134  37:31  Marine x2, Ghost x2  
  134  37:32  Infernal Pre-Igniter  
  134  37:36  Orbital Command  
  140  37:39  Siege Tank  
  143  37:46  Marine  
  143  37:47  Viking  
  143  37:48  Marine, Viking x3  
  143  37:49  Marine, Ghost x2  
  143  37:50  Siege Tank  
  161  37:59  Ghost  
  161  38:00  Marine  
  164  38:10  Ghost  
  166  38:17  Viking  
  159  38:47  Thor  
  159  38:48  Thor  
  171  38:51  Marine, Marauder x6  
  180  38:56  Engineering Bay  
  180  39:08  Orbital Command  
  181  39:12  Marine  
  182  39:21  Refinery  
  182  39:22  Refinery  
  192  39:29  Missile Turret  
  192  39:31  Missile Turret, Sensor Tower, Hellbat x2  
  177  39:52  Barracks  
  177  39:53  Barracks  
  174  40:19  Marine, Marauder  
  193  40:21  Marauder x5  
  193  40:28  Refinery  
  193  40:30  Refinery  
  193  40:36  Hellion  
  193  40:37  Hellion  
  191  40:54  Liberator x4  
  198  40:59  Hellion  
  198  41:14  Refinery, Hellbat  
  193  41:48  Thor  
  193  41:49  Hellbat  
  199  41:55  Refinery  
  197  42:15  Orbital Command  
  197  42:34  Hellion, Hellbat  
  184  43:17  Ghost x4  
  184  43:19  Medivac  
  186  43:20  Medivac x3  
  185  43:36  Refinery  
  185  43:37  Marine x5, Refinery  
  190  43:46  Marine x3  
  190  43:47  Marine  
  194  43:49  Liberator, Medivac  
  199  43:59  Marine  
  196  44:04  Hellion x8  
  196  44:09  Command Center  
  196  44:27  Hellion  
  196  44:28  Hellion  
  199  44:51  Barracks  
  199  44:52  Barracks, Marine  
  199  44:56  Missile Turret  
  199  44:59  Barracks, Engineering Bay  
  200  45:47  Missile Turret x2  
  200  45:51  Missile Turret  
  200  46:07  Missile Turret  
  191  46:25  Marine  
  191  46:26  Marine x9  
  191  46:27  Marine  
  199  47:00  Marine  
  200  47:09  Hellion x8  
  196  48:51  Hellion x2  
  200  48:59  Orbital Command  
  200  49:31  Hellion  
  195  50:51  Marine x5  
  200  51:01  Marine x2  
  197  52:38  Hellion  
  193  52:45  Orbital Command  
  186  53:19  Hellion, Hellbat  
  190  53:40  Hellion  
  192  53:45  Missile Turret  
  192  53:48  Missile Turret  
  192  53:51  Hellion  
  192  53:52  Missile Turret  
  193  54:02  Hellion  
  195  54:12  Hellbat  
  197  54:23  Hellion  
  197  55:02  Hellbat  
  198  55:57  Hellion x20  
  198  56:07  Missile Turret  
  196  56:47  Missile Turret  
  196  56:48  Missile Turret  
  196  57:38  Orbital Command  
  196  57:41  Orbital Command  
  196  57:50  Orbital Command  
  196  57:51  Orbital Command  
  196  57:55  Orbital Command  
  196  58:04  Missile Turret  
  192  67:44  Hellbat  
  192  67:45  Hellbat  
  196  68:06  Hellbat x2  
  200  68:37  Hellbat  
  200  69:06  Hellbat x2  
  198  70:28  Hellion  
  198  70:29  Hellion  
  182  70:50  Hellbat x2  
  180  71:11  Hellbat x2  
  184  71:33  Hellbat x2  
  188  71:54  Hellbat x2  
  194  72:15  Hellbat  
  194  72:16  Hellion  
  190  73:13  Hellbat  
Tags
 
Add a new tag
Caveats
  • Supply blocks, unpowered buildings, or Contaminate may cause inaccurate times.
  • Supply counts are checked every 10 seconds.